 Dungeon Crawl Stone Soup version 0.28.0-43-g3370ac3207 (webtiles) character file.

Game seed: 212593660489817067

3301 Peloso the Carver (level 9, -4/81 HPs)
             Began as a Minotaur Fighter on Mar 27, 2022.
             Was a Priest of Okawaru.
             Slain by an orc knight
             ... wielding a +0 halberd
              (24 damage)
             ... in a bailey.
             The game lasted 00:21:22 (9705 turns).

Peloso the Carver (Minotaur Fighter)                Turns: 9705, Time: 00:21:23

Health: -4/81      AC: 15    Str: 22    XL:     9   Next: 70%
Magic:  8/8        EV:  7    Int:  5    God:    Okawaru [***...]
Gold:   292        SH:  5    Dex: 13    Spells: 8/8 levels left

rFire   . . .      SeeInvis .   a - +0 long sword
rCold   . . .      Faith    .   c - +0 buckler
rNeg    . . .      Spirit   .   j - +0 plate armour
rPois   .          Reflect  .   (helmet restricted)
rElec   .          Harm     .   A - +0 cloak
rCorr   .          Rampage  .   (no gloves)
Will    .....                   (no boots)
Stlth   ..........              (no amulet)
HPRegen 0.23/turn               (no ring)
MPRegen 0.11/turn               (no ring)

@: mighty, hasted, very quick
A: horns 2, retaliatory headbutt
a: Renounce Religion, Heroism


You were in a bailey.
You worshipped Okawaru.
Okawaru was most pleased with you.
You visited 2 branches of the dungeon, and saw 9 of its levels.
You also visited: Bailey.

You collected 292 gold pieces.

Inventory:

Hand Weapons
 a - a +0 long sword (weapon)
Armour
 b - a +0 scale mail
 c - a +0 buckler (worn)
 j - a +0 plate armour (worn)
 z - a +0 chain mail
 A - a +0 cloak (worn)
Jewellery
 y - a +4 ring of evasion
 B - an amulet of the acrobat
 C - an amulet of guardian spirit
Scrolls
 f - 2 scrolls of enchant weapon {unknown}
 h - 4 scrolls of immolation
 i - a scroll of noise {unknown}
 m - a scroll of amnesia {unknown}
 o - a scroll of brand weapon {unknown}
 r - a scroll of summoning {unknown}
 s - a scroll of vulnerability {unknown}
 v - a scroll of fog {unknown}
 w - a scroll of magic mapping {unknown}
 x - 3 scrolls of teleportation {unknown}
 D - 2 scrolls of blinking {unknown}
Potions
 e - 4 potions of curing
 g - 2 potions of heal wounds
 k - a potion of haste
 t - a potion of ambrosia {unknown}
 u - a potion of lignification {unknown}
 E - 2 potions of resistance


   Skills:
 + Level 7.9 Fighting
 + Level 10.2 Long Blades
 + Level 9.0 Armour
 + Level 3.6 Dodging
 + Level 0.4 Stealth
 + Level 6.5 Shields
 + Level 1.1 Invocations
 + Level 0.8 Evocations


You had 8 spell levels left.
You didn't know any spells.
Your spell library contained the following spells:

 Spells                   Type           Power      Damage    Failure   Level
 Ignite Poison            Fire/Tmut/Pois 0%         N/A       100%        3
 Mephitic Cloud           Conj/Pois/Air  0%         N/A       100%        3
 Passage of Golubria      Tloc           0%         N/A       100%        4
 Petrify                  Tmut/Erth      0%         N/A       100%        4
 Freezing Cloud           Conj/Ice/Air   0%         6-21      100%        5
 Metabolic Englaciation   Hex/Ice        0%         N/A       100%        5
 Yara's Violent Unravell  Hex/Tmut       0%         3d3       100%        5
 Statue Form              Tmut/Erth      0%         N/A       100%        6
 Tukima's Dance           Hex            Unusable   N/A       N/A         3

Dungeon Overview and Level Annotations

Branches:
Dungeon (8/15)             Temple (1/1) D:6          Bailey (1/1)
   Lair: D:8-11

Altars:
Gozag
Hepliaklqana
Nemelex Xobeh
Okawaru
Qazlal
Trog
Uskayaw
Yredelemnul

Annotations:
D:6 2 transporters, Zippel's ghost, novice OgWn


Innate Abilities, Weirdness & Mutations

You have a pair of horns on your head.
You reflexively headbutt those who attack you in melee.


Message History

You start resting.
HP restored.
There is an open door, spattered with blood here.
You open the gate.
Found a glowing battleaxe.
Found two gates leading back out of this place.
There is an open gate here.
You see here a +2 antimagic battleaxe.
You open the door. 2 orc knights and 2 orc warriors come into view.
The orc knight shouts!
The orc warrior shouts!
The orc knight shouts!
The orc warrior shouts!
Found 2 scrolls of enchant armour and a warped rapier.
There is an open gate here.
You aren't carrying any items that you can evoke.
Unknown command.
The orc knight roars a battlecry!
You feel yourself speed up.
You feel very mighty all of a sudden.
The orc knight hits you with a +0 halberd!!
You block the orc knight's attack.
You barely miss the orc knight. You headbutt the orc knight!
The orc knight is lightly wounded.
The orc knight barely misses you.
The orc knight hits you from afar with a +0 halberd!
You closely miss the orc knight.
The orc knight is lightly wounded.
The orc warrior hits you from afar with a +0 halberd!
Unknown command.
You slash the orc knight! Your headbutt misses the orc knight.
The orc knight is moderately wounded.
The orc knight no longer looks unusually strong.
The orc knight hits you with a +0 halberd!
The orc knight hits you but does no damage.
The orc warrior hits you from afar with a +0 halberd!
* * * LOW HITPOINT WARNING * * *
You slash the orc knight!
The orc knight is heavily wounded.
The orc knight hits you with a +0 halberd!!
You die...

#....)≈#.).....................)
#.....≈##.∩#≈...............≈#∩)
#.....≈≈#)##≈......###......≈##.
#......≈≈)≈≈≈...#########...≈≈≈.
#..............##...o...##......
#.............##..#'#'#..##.....
#.............#.o##)#)##..#.....
#............##o#########.##....
#............##@')#).?#)'.##....
#............##.###o8o###o##....
#............##.o)#oo.#)'.##....
#............##.####o####.##....
#............##..##∩)∩##..#.....
#................##'''#..##.....
#................##.....##......
#......≈≈.≈≈≈....##....##...≈≈≈.
#.....≈≈#.##≈....#######....≈##.


You could see 2 orc knights and an orc warrior.

Vanquished Creatures
  Grinder (D:5)
  Duvessa (D:7)
  A black bear (D:6)
  3 ice beasts (D:6)
  12 orc warriors
  A sky beast (D:6)
  An ogre (D:6)
  A necrophage (D:5)
  2 centaurs
  2 kobold brigands
  A wyvern zombie (D:8)
  A wyvern skeleton (D:6)
  3 scorpions
  Dowan (D:7)
  A howler monkey (D:6)
  A centaur zombie (D:5)
  An orc priest (D:5)
  2 hounds (D:7)
  Crazy Yiuf (D:5)
  A centaur skeleton (D:7)
  An iguana (D:5)
  A hound zombie (D:5)
  9 gnolls
  8 adders
  A shadow imp (D:6)
  A white imp (D:7)
  4 ufetubi
  3 worms
  A dart slug (D:1)
  26 orcs
  6 ball pythons
  5 endoplasms
  3 giant cockroaches
  12 goblins
  6 hobgoblins
  3 jackals (D:2)
  5 quokkas
  4 bats
  A frilled lizard (D:2)
  20 kobolds
  6 rats
164 creatures vanquished.

Vanquished Creatures (others)
  A kobold (D:6)
  3 fungi (D:5)
4 creatures vanquished.

Grand Total: 168 creatures vanquished

Notes
Turn   | Place    | Note
-------+----------+-------------------------------------------
     0 | D:1      | Peloso the Minotaur Fighter began the quest for the Orb.
     0 | D:1      | Reached XP level 1. HP: 19/19 MP: 0/0
   189 | D:1      | Found a faded altar of an unknown god.
   219 | D:1      | Reached XP level 2. HP: 13/27 MP: 1/1
  1276 | D:2      | Reached skill level 3 in Long Blades
  1291 | D:2      | Reached XP level 3. HP: 33/33 MP: 2/2
  1524 | D:2      | Reached XP level 4. HP: 27/41 MP: 3/3
  2223 | D:3      | Found an opulent altar of Gozag.
  2505 | D:3      | Reached skill level 4 in Long Blades
  2663 | D:3      | Reached XP level 5. HP: 33/47 MP: 4/4
  3224 | D:4      | Reached skill level 5 in Fighting
  3224 | D:4      | Reached skill level 5 in Armour
  3737 | D:4      | Reached skill level 5 in Long Blades
  3768 | D:4      | Reached skill level 1 in Dodging
  3768 | D:4      | Reached XP level 6. HP: 39/56 MP: 5/5
  4107 | D:4      | Found an iron altar of Okawaru.
  4120 | D:4      | Became a worshipper of Warmaster Okawaru
  4262 | D:5      | Entered Level 5 of the Dungeon
  4513 | D:5      | Noticed Grinder
  4518 | D:5      | Paralysed by Grinder for 2 turns
  4521 | D:5      | Killed Grinder
  4521 | D:5      | Reached * piety under Okawaru
  4522 | D:5      | Reached skill level 6 in Long Blades
  4522 | D:5      | Reached XP level 7. HP: 54/61 MP: 6/6
  5318 | D:5      | Found a runed translucent door.
  5319 | D:5      | Noticed Crazy Yiuf
  5326 | D:5      | Killed Crazy Yiuf
  5327 | D:5      | Reached skill level 7 in Long Blades
  5708 | D:6      | Found a transporter.
  5825 | D:6      | Found a staircase to the Ecumenical Temple.
  5834 | D:6      | Reached XP level 8. HP: 58/70 MP: 7/7
  5899 | D:6      | Noticed Zippel's ghost (novice OgWn)
  5903 | D:6      | Found a transporter.
  5948 | Temple   | Entered the Ecumenical Temple
  6261 | D:6      | Reached ** piety under Okawaru
  6262 | D:6      | Reached skill level 8 in Long Blades
  6280 | D:6      | Reached skill level 5 in Shields
  7025 | D:7      | Noticed Duvessa
  7025 | D:7      | Noticed Dowan
  7039 | D:7      | Killed Duvessa
  7054 | D:7      | Killed Dowan
  7236 | D:7      | Found a bloodstained altar of Trog.
  7242 | D:7      | Reached XP level 9. HP: 78/78 MP: 8/8
  7518 | D:7      | Found a stormy altar of Qazlal.
  7731 | D:8      | Reached skill level 9 in Long Blades
  7747 | D:8      | Reached *** piety under Okawaru
  7944 | D:8      | Found a flagged portal.
  7975 | Bailey   | Entered a bailey
  8524 | Bailey   | HP: 3/79 [orc warrior/bolt (8)]
  8850 | Bailey   | Reached skill level 10 in Long Blades
  9034 | Bailey   | Reached skill level 1 in Invocations
  9673 | Bailey   | Noticed an orc knight
  9673 | Bailey   | Noticed an orc knight
  9705 | Bailey   | Slain by an orc knight

Illustrated notes

Levels and vault maps discovered:
D:1:      dpeg_arrival_lava_altar, layout_loops_ring,
          shapermc_ecumenical_altar_totnotflames
D:2:      layout_loops_ring, hangedman_abyss_or_decor_stabs, minmay_fountain_box
D:3:      layout_basic, mainiacjoe_overflow_alcove_4, serial_bayou_lagoon_a,
          minmay_pentangle
D:4:      layout_cave_pools, okawaru_altar_gauntlet_db
D:5:      layout_cave_pods, item_on_display_a, uniq_grinder,
          uniq_crazy_yiuf_cottage
D:6:      layout_cave_pools, minmay_temple_entry_large_hall,
          gammafunk_ghost_arena, supply_closet_lemuel
D:7:      layout_gridville, lemuel_round_altar, bloody_trog, uniq_duvessa
D:8:      layout_loops_corners, tgw_xom, enter_bailey_3
Temple:   eino_temple_rhombus
Bailey:   bailey_polearm_2, bailey

Skill      XL: |  1  2  3  4  5  6  7  8  9 |
---------------+----------------------------+-----
Fighting       | 4 5 6 7 |  7.9
Armour         | 4 5 6 8 9 |  9.0
Long Blades    | 3 4 5 6 7 8 10 | 10.2
Shields        | 4 5 6 |  6.5
Dodging        | 1 2 3 |  3.6
Invocations    | 1 |  1.1
Stealth        | |  0.4
Evocations     | |  0.8

Action                   |  1- 3 |  4- 6 |  7- 9 || total
-------------------------+-------+-------+-------++-------
Melee: Long sword        |    69 |   131 |   302 ||   502
       Headbutt          |    10 |    20 |    65 ||    95
Invok: Heroism           |       |       |     9 ||     9
Evoke: Wand              |       |     3 |     3 ||     6
  Use: Scroll            |       |       |     7 ||     7
       Potion            |       |       |     4 ||     4
Armor: Scale mail        |    26 |    61 |     4 ||    91
       Chain mail        |       |       |   136 ||   136
       Plate armour      |       |       |    19 ||    19
Dodge: Dodged            |    26 |    79 |   118 ||   223
Block: Buckler           |    13 |    31 |   108 ||   152
